 Dungeon Crawl Stone Soup version 0.29.1-2-gbd0b4ee654 (webtiles) character file.

Game seed: 15031342057958141268

116 Hadkhar the Magician (level 5, -2/38 HPs)
             Began as a Djinni Hedge Wizard on Oct 27, 2022.
             Slain by a phantom (5 damage)
             ... on level 4 of the Dungeon.
             The game lasted 00:21:08 (4729 turns).

Hadkhar the Magician (Djinni Hedge Wizard)          Turns: 4729, Time: 00:21:09

Health: -2/38      AC:  2    Str:  9    XL:     5   Next: 20%
Gold:   227        EV: 12    Int: 18    God:
                   SH:  0    Dex: 12

rFire   + + .      SeeInvis .   o - +2 dagger (drain)
rCold   x . .      Faith    .   (no shield)
rNeg    . . .      Spirit   .   b - +0 robe
rPois   ∞          Reflect  .   c - +0 hat
rElec   .          Harm     .   (no cloak)
rCorr   .          Rampage  .   (no gloves)
Will    .....                   (boots unavailable)
Stlth   ++........              (no amulet)
HPRegen 0.12/turn               (no ring)
MPRegen 0.00/turn               (no ring)

@: flying
A: sickness immunity, fire resistance 2, cold vulnerability 1, float, innate
caster, HP casting, extra vitality 1
a: no special abilities


You were on level 4 of the Dungeon.
You visited 1 branch of the dungeon, and saw 4 of its levels.

You collected 227 gold pieces.

Inventory:

Hand Weapons
 o - a +2 dagger of draining (weapon)
Missiles
 q - a throwing net
Armour
 b - a +0 robe (worn)
 c - a +0 hat (worn)
Magical Staves
 d - a staff of poison
Wands
 a - a wand of roots (8)
 r - a wand of paralysis (9)
Scrolls
 f - a scroll of enchant weapon {unknown}
 h - a scroll of fear {unknown}
 j - 2 scrolls of enchant armour {unknown}
 n - 3 scrolls of teleportation
 s - a scroll of noise {unknown}
 u - a scroll of immolation {unknown}
Potions
 e - 2 potions of degeneration
 g - a potion of attraction
 k - a potion of invisibility
 m - a potion of mutation
 t - 2 potions of haste {unknown}


   Skills:
 + Level 1.9 Fighting
 - Level 2.1 Dodging
 + Level 2.5 Stealth
 * Level 3.5 Spellcasting


You couldn't memorise any spells.
You knew the following spells:

 Your Spells              Type           Power      Damage    Failure   Level
a - Magic Dart            Conj           60%        1d6       3%          1
b - Blink                 Tloc           30%        N/A       5%          2
c - Call Imp              Summ           15%        N/A       5%          2
d - Slow                  Hex            60%        N/A       3%          1
e - Conjure Flame         Conj/Fire      15%        6-21      11%         3
f - Mephitic Cloud        Conj/Pois/Air  15%        N/A       11%         3
g - Foxfire               Conj/Fire      60%        2x1d7     3%          1
h - Static Discharge      Conj/Air       15%        3-5/arc   5%          2
Your spell library was empty.

Dungeon Overview and Level Annotations

Branches:
Dungeon (4/15)
 Temple: D:4-7

Altars:
Nemelex Xobeh


Innate Abilities, Weirdness & Mutations

You are immune to sickness and miasma.
You are immune to poison.
Your flesh is very heat resistant. (rF++)
You are vulnerable to cold. (rC-)
You float through the air rather than walking.
You learn spells naturally, not from books.
Your magical power is your life essence.
You have superior vitality. (+4 MHP)


Message History

Aim: a phantom (severely damaged, ally target, 100% to hit)
The magic dart hits the phantom.
The phantom is severely damaged.
* * * LOW HITPOINT WARNING * * *
The phantom hits you.
* * * LOW HITPOINT WARNING * * *
Your crimson imp barely misses the phantom.
Unknown command.
The phantom hits your crimson imp but does no damage.
Your crimson imp barely misses the phantom.
The phantom closely misses your crimson imp.
Your crimson imp blinks!
You see here a +0 pair of gloves.
Your crimson imp blinks!
You miss the phantom.
The phantom is severely damaged.
The phantom closely misses you.
Your crimson imp misses the phantom.
You hit the phantom.
The phantom is severely damaged.
The phantom hits you but does no damage.
Your crimson imp barely misses the phantom.
You hit the phantom but do no damage.
The phantom is severely damaged.
The phantom barely misses you.
Your crimson imp hits the phantom.
You closely miss the phantom.
The phantom is almost destroyed.
The phantom hits you.
* * * LOW HITPOINT WARNING * * *
The phantom blinks!
You blink.
You barely miss the phantom.
The phantom is almost destroyed.
The phantom closely misses you.
You hit the phantom but do no damage.
The phantom is almost destroyed.
The phantom hits you.
* * * LOW HITPOINT WARNING * * *
You hit the phantom.
The phantom is almost destroyed.
The phantom hits you.
You die...

########
##..w####
#..###.#
#.##.@.#
#..#..W.#
#..#####.##
##..# #..##
[...# +5..#
#..#. #...#
#..#####.[.#
##..#.....##
.....##....##


You could see a phantom (ally target), a dart slug and a friendly crimson imp
(summoned).

Vanquished Creatures
  3 adders
  3 worms
  3 dart slugs (D:1)
  2 orcs (D:3)
  5 bats
  6 endoplasms
  3 giant cockroaches
  6 goblins
  7 hobgoblins
  2 jackals (D:1)
  6 kobolds (D:2)
  5 quokkas
  5 ball pythons
  6 frilled lizards
  6 rats
68 creatures vanquished.

Vanquished Creatures (others)
  19 foxfires (D:4)
  6 fungi (D:4)
  8 plants (D:2)
33 creatures vanquished.

Grand Total: 101 creatures vanquished

Notes
Turn   | Place    | Note
-------+----------+-------------------------------------------
     0 | D:1      | Hadkhar the Djinni Hedge Wizard began the quest for the
                  | Orb.
     0 | D:1      | Hadkhar set off with the following spells memorised: Magic
                  | Dart, Blink, Call Imp, Slow, Conjure Flame, Mephitic Cloud.
     0 | D:1      | Reached XP level 1. HP: 15/15 MP: 0/0
   623 | D:1      | Reached XP level 2. HP: 19/22 MP: 0/0
  1015 | D:1      | Reached XP level 3. HP: 11/26 MP: 0/0
  1015 | D:1      | Learned a level 1 spell: Foxfire
  1223 | D:1      | Reached skill level 1 in Fighting
  1569 | D:1      | Reached skill level 3 in Spellcasting
  2337 | D:2      | Reached XP level 4. HP: 23/32 MP: 0/0
  3841 | D:3      | Found a faded altar of an unknown god.
  4487 | D:4      | Reached XP level 5. HP: 37/38 MP: 0/0
  4487 | D:4      | Learned a level 2 spell: Static Discharge
  4604 | D:4      | Found a sparkling altar of Nemelex Xobeh.
  4683 | D:4      | Noticed a phantom
  4729 | D:4      | Slain by a phantom

Illustrated notes

Levels and vault maps discovered:
D:1:      tarquinn_simple_flora_water_c, layout_rooms,
          dreamdust_princess_corridor, minmay_misc_feat_nine_boxes
D:2:      layout_loops_corners, serial_bayou_ford_a, lexackson_kobold_supper
D:3:      layout_loops_ring, ebering_ecumenical_altar_sacrificial
D:4:      layout_rooms, nicolae_ashenzari_skybound,
          nemelex_diamond_rough_becter, okawaru_altar_gauntlet_db,
          minmay_temple_entry_junction, serial_aquarium, aquarium_bridge_square
          [aquarium_subvault_balcony, aquarium_subvault_wall,
          aquarium_subvault_bridge, aquarium_subvault_bridge],
          aquarium_bridge_square [aquarium_subvault_bridge,
          aquarium_subvault_window, aquarium_subvault_wall,
          aquarium_subvault_bridge], aquarium_window_corridor_1,
          aquarium_window_fake, aquarium_view_2c, aquarium_view_2b,
          aquarium_pool_2, gammafunk_ghost_nasty_kobolds, minmay_lizard_king,
          uniq_grinder

Skill      XL: |  1  2  3 |
---------------+----------+-----
Stealth        | 2 |  2.5
Fighting       | 1 |  1.9
Spellcasting   | 3 |  3.5
Dodging        | |  2.1

Action                   |  1- 3 |  4- 6 || total
-------------------------+-------+-------++-------
Melee: Dagger            |    33 |    53 ||    86
       Punch             |     1 |       ||     1
       Rapier            |     5 |    32 ||    37
 Cast: Magic Dart        |    79 |    34 ||   113
       Slow              |     1 |     1 ||     2
       Foxfire           |       |    11 ||    11
       Conjure Flame     |       |     1 ||     1
       Call Imp          |       |     1 ||     1
  Use: Scroll            |       |     8 ||     8
       Potion            |       |     1 ||     1
 Stab: Sleeping          |     1 |     1 ||     2
Armor: Robe              |     9 |     9 ||    18
Dodge: Dodged            |    38 |    69 ||   107
